Cogmind - Beta 15 @@@ ROGUE MODE // 2025.08.16 @ 13:04:44 Player: Kuelos Result: Destroyed by GC-A8O(R) with Subdweller Beam Cannon Performance ------------- Evolutions (0) 0 Regions Visited (2) 400 Robots Destroyed (20) 100 Value Destroyed (530) 530 Prototype IDs (0) 0 Alien Tech Used (0) 0 Bonus (0) 0 TOTAL SCORE: 1030 Bonus ------- None Cogmind --------- Core Integrity 0/250 Matter 295/300 Energy 100/100 System Corruption 0% Temperature Cool (9) Movement Core (50) Location -10/Subcaves Parts ------- > --- POWER (1) -------- (None) > --- PROPULSION (2) --- (None) > --- UTILITY (2) ------ Seismic Detector > --- WEAPON (2) ------- (None) > --- INVENTORY (5) ---- Scrap Shield Peak State ------------ > --- POWER ------------ Light Ion Engine > --- PROPULSION ------- Hover Unit Hover Unit > --- UTILITY ---------- Scrap Shield > --- WEAPON ----------- Particle Gun Assault Rifle > --- INVENTORY -------- Heat Sink Small Battery Seismic Detector [Rating: 10] Favorites ----------- Power Light Ion Engine Engine Light Ion Engine Propulsion Aluminum Leg Leg Aluminum Leg Hover Unit Hover Unit Flight Unit Flight Unit Utility Seismic Detector Device Seismic Detector Storage Small Battery Processor Signal Interpreter Protection Light Armor Plating Weapon Assault Rifle Energy Gun Particle Gun Energy Cannon Beam Cannon Ballistic Gun Assault Rifle Launcher Grenade Launcher Special Weapon Mining Laser Build | -11 -10 -10 ------- Run | Yrd Mat Sub Slots Evolved . | . . . Power . | . . . Propulsion . | . . . Utility . | . . . Weapon . | . . . Parts Attached 27 | 9 17 1 Power 4 | 1 3 . Engine 4 | 1 3 . Core . | . . . Reactor . | . . . Propulsion 9 | 2 7 . Treads . | . . . Leg 6 | 2 4 . Wheel . | . . . Hover 2 | . 2 . Flight 1 | . 1 . Utility 7 | 2 4 1 Device 2 | 2 . . Storage 1 | . 1 . Processor 2 | . 2 . Hackware . | . . . Protection 2 | . 1 1 Artifact . | . . . Weapon 7 | 4 3 . Energy Gun 2 | 1 1 . Energy Cannon 1 | . 1 . Ballistic Gun 2 | 2 . . Ballistic Cannon . | . . . Launcher 1 | . 1 . Special Weapon 1 | 1 . . Impact Weapon . | . . . Slashing Weapon . | . . . Piercing Weapon . | . . . Special Melee Weapon . | . . . Unidentified Prototypes . | . . . Parts Lost 10 | . 4 6 Power 2 | . 1 1 Propulsion 3 | . 1 2 Utility 2 | . 1 1 Weapon 3 | . 1 2 Highest Loss Streak 3 | . 3 3 To Critical Strikes . | . . . Average Backups 3 | 3 3 2 Power . | . . . Propulsion 1 | 1 1 . Utility 1 | . 1 2 Weapon 1 | 1 1 . Tool/Special . | . . . Unused Backups 6 | 3 3 . Power 1 | 1 . . Propulsion 3 | 1 2 . Utility 1 | 1 . . Weapon 1 | . 1 . Tool/Special . | . . . Average Slot Usage (%) 92 | . 94 79 Engine 13 | . 13 14 Leg 21 | . 25 . Hover 5 | . 1 28 Device 12 | . 13 9 Storage 6 | . 6 4 Processor 1 | . 1 1 Protection 3 | . 3 . Energy Gun 7 | . 7 5 Energy Cannon 5 | . 6 . Ballistic Gun 11 | . 11 12 Launcher 1 | . 1 . Peak Build Rating 10 | 7 8 10 Average Rating 6 | 5 7 5 On Entrance 5 | . 7 8 Naked Turns . | . . . Heaviest Build 13 | 9 13 10 Greatest Support 20 | 20 20 12 Greatest Overweight (x) . | . . . Average Overweight (x) . | . . . Largest Inventory Capacity 5 | 5 5 5 Average Capacity 5 | 5 5 5 Most Carried 5 | 5 5 5 Average Carried 3 | 3 3 3 Final Capacity 5 | 5 5 5 Final Carried 5 | 4 5 2 Class Distribution -------------------- 92% | Mutant 7% | Scavenger-Mutant Dominant Class ---------------- Mutant | -10/Materials Mutant | -10/Subcaves Resources | -11 -10 -10 ----------- Run | Yrd Mat Sub Matter Collected 751 | 354 350 47 Remotely . | . . . Salvage Created 600 | 132 468 . Parts 40 | 12 28 . Haulers Intercepted . | . . . Recyclers Shooed 2 | . 2 . Parts Field Recycled . | . . . Retrieved Matter . | . . . Parts Self-Destructed 7 | . . 7 Prevented . | . . . Kills | -11 -10 -10 ------- Run | Yrd Mat Sub Combat Hostiles Destroyed 12 | 1 11 . Guns 7 | 1 6 . Cannons 2 | . 2 . AOE 3 | . 3 . Classes Destroyed 6 | 3 3 . Worker 2 | 1 1 . Builder 1 | . 1 . Tunneler 3 | 3 . . Recycler 1 | . 1 . Watcher 1 | . 1 . Grunt 12 | 1 11 . Best Kill Streak 6 | 2 6 . Combat Bots Only 5 | 1 5 . Max Kills in Single Turn 2 | 1 2 . Gunslinging . | . . . Exploded 1 | . 1 . Melee . | . . . Uniques/NPCs Destroyed . | . . . Combat | -11 -10 -10 -------- Run | Yrd Mat Sub Hostile Shots Fired 114 | 2 82 30 Missed 37 | 1 26 10 Hits 77 | 1 56 20 Projectile 77 | 1 56 20 Critical Strikes 1 | . 1 . Damage Taken 1113 | 12 701 400 Core 254 | . 79 175 Absorbed by Shields . | . . . Regen/Repaired (Parts) 15 | . 15 . Core Remaining (%) 100 | 100 . . Volleys Fired 83 | 26 48 9 Largest 2 | 2 2 1 Hottest 140 | 140 90 100 Shots Fired 121 | 38 74 9 Gun 76 | 35 39 2 Cannon 21 | . 21 . Launcher 14 | . 14 . Special 10 | 3 . 7 Kinetic 41 | 19 20 2 Thermal 40 | 3 30 7 Explosive 14 | . 14 . Electromagnetic 26 | 16 10 . Robot Hit Streak 7 | 4 7 . Robot Miss Streak 6 | 6 3 2 Penetration Max . | . . . Secondary Targets . | . . . Shots Hit Robots 45 | 14 31 . Core Hits 38 | 6 32 . Critical Kills . | . . . Critical Parts Destroyed . | . . . Critical Strikes . | . . . Melee Attacks . | . . . Impact . | . . . Slashing . | . . . Piercing . | . . . Sneak Attacks . | . . . Combat Hostiles . | . . . Follow-up Attacks . | . . . Damage Inflicted 1279 | 188 1091 . Guns 455 | 188 267 . Cannons 194 | . 194 . Explosions 624 | . 624 . Melee . | . . . Ramming 6 | . 6 . Kinetic 266 | 120 146 . Thermal 252 | . 252 . Explosive 624 | . 624 . Electromagnetic 131 | 68 63 . Impact . | . . . Slashing . | . . . Piercing . | . . . Highest Corruption . | . . . Average Corruption . | . . . Corruption Purged . | . . . Corruption Blocked . | . . . Overload Shots . | . . . Overflow Damage . | . . . Projectiles . | . . . Explosions . | . . . Melee . | . . . Knockbacks . | . . . Impact . | . . . Kinetic . | . . . Secondary . | . . . Self-Inflicted Damage 37 | . 37 . Shots 1 | . 1 . Rammed . | . . . Targets Rammed 4 | . 4 . Kicked 4 | . 4 . Crushed . | . . . Highest Temperature 234 | 6 234 . Average Temperature 72 | 6 74 . Received Heat Transfer 525 | 6 390 129 Effects 2 | . 2 . Interference 2 | . 2 . Siege Activations . | . . . Martial Activations . | . . . Shielding Activations . | . . . Robots Disrupted . | . . . Combat Hostiles . | . . . Robots Corrupted . | . . . Combat Hostiles . | . . . Parts Fried . | . . . Impact Corruptions . | . . . Robots Melted . | . . . Combat Hostiles . | . . . Parts Melted . | . . . Heat Transferred 555 | . 555 . Parts Sabotaged . | . . . Parts Stolen . | . . . Parts Stripped . | . . . Power Chain Reactions . | . . . Alert | -11 -10 -10 ------- Run | Yrd Mat Sub Maximum Alert Level . | . . . Low Security (%) 100 | 100 100 . Level 1 . | . . . Level 2 . | . . . Level 3 . | . . . Level 4 . | . . . Level 5 . | . . . High Security . | . . . Max Security . | . . . Peak Influence 181 | 20 181 . Initial . | . . . Average 30 | 2 36 . Influence Increases 497 | 40 427 30 Destroy 0b10 Robot/C 240 | 20 220 . Destroy 0b10 Robot/NC 40 | 20 20 . Destroy Leader 52 | . 52 . Successful Hack 9 | . 9 . Disable Machine 30 | . 30 . Destroy Structure 36 | . 36 . Partial Spotted 30 | . 30 . Lose Combat Pursuer 60 | . 30 30 Influence Decreases 497 | 40 427 30 Time Decay 447 | 40 387 20 Lost Part 50 | . 40 10 Squads Dispatched 1 | . 1 . Investigation 1 | . 1 . Extermination . | . . . Reinforcement . | . . . Assault . | . . . Garrison . | . . . Intercept . | . . . Searches Triggered . | . . . Construction Impeded . | . . . Haulers Reinforced . | . . . Active Scanning Responses . | . . . Cargo Convoy Interrupts . | . . . Stealth | -11 -10 -10 --------- Run | Yrd Mat Sub Distress Signals . | . . . Communications Jammed . | . . . Distress Signals . | . . . Times Spotted 33 | 1 20 12 Peak Tracking Total 6 | 1 3 6 Tactical Retreats 3 | . 2 1 Traps | -11 -10 -10 ------- Run | Yrd Mat Sub Traps Triggered . | . . . Indirectly . | . . . Trap Hack Attempts . | . . . Triggered . | . . . Disarmed . | . . . Reprogrammed . | . . . Reused . | . . . Traps Extracted . | . . . Installed . | . . . Triggered . | . . . Machines | -11 -10 -10 ---------- Run | Yrd Mat Sub Machines Disabled 2 | . 2 . Max in Single Turn 1 | . 1 . Machines Repaired . | . . . Machines Dismantled . | . . . Machines Sabotaged . | . . . Overloaded Fab Kills . | . . . Hacking | -11 -10 -10 --------- Run | Yrd Mat Sub Machines Accessed 2 | . 2 . Terminals . | . . . Fabricators . | . . . Repair Stations 1 | . 1 . Recycling Units 1 | . 1 . Scanalyzers . | . . . Garrison Access . | . . . Total Hacks 9 | . 9 . Successful 6 | . 6 . Failed 3 | . 3 . Catastrophic . | . . . Database Lockouts . | . . . Manual . | . . . Terminals . | . . . Fabricators . | . . . Repair Stations 4 | . 4 . Recycling Units 5 | . 5 . Scanalyzers . | . . . Garrison Access . | . . . Terminal Hacks . | . . . Fabricator Hacks . | . . . Repair Station Hacks 3 | . 3 . Scan Component 1 | . 1 . Repair 1 | . 1 . Refit 1 | . 1 . Recycling Unit Hacks 3 | . 3 . Recycle Component 2 | . 2 . Process 1 | . 1 . Scanalyzer . | . . . Garrison Access Hacks . | . . . Unauthorized Hacks . | . . . Terminals . | . . . Fabricators . | . . . Repair Stations . | . . . Recycling Units . | . . . Scanalyzers . | . . . Garrison Access . | . . . Data Cores Recovered . | . . . Used . | . . . Hacking Detections 2 | . 2 . Full Trace Events 1 | . 1 . Feedback Events . | . . . Feedback Blocked . | . . . Robot Schematics Acquired . | . . . Robots Built . | . . . Authchips . | . . . Time . | . . . Total Robot Build Rating . | . . . Part Schematics Acquired . | . . . Parts Built . | . . . Authchips . | . . . Time . | . . . Total Part Build Rating . | . . . Parts Repaired 1 | . 1 . Time 26 | . 26 . Parts Recycled 2 | . 2 . Recycled Matter 72 | . 72 . Retrieved Matter . | . . . Retrieved Components . | . . . Parts Scanalyzed . | . . . Part Schematics Acquired . | . . . Parts Damaged . | . . . Bothacking | -11 -10 -10 ------------ Run | Yrd Mat Sub Used RIF Installer . | . . . Robots Hacked . | . . . Non-combat . | . . . Combat . | . . . Robot Hacks Applied . | . . . Relay Couplers Released . | . . . Fabnet Peak Effective % . | . . . Robots Rewired . | . . . Allies Hacked . | . . . Hacks Repelled . | . . . Allies | -11 -10 -10 -------- Run | Yrd Mat Sub Total Allies . | . . . Largest Group . | . . . Highest-Rated Group . | . . . Highest-Rated Ally . | . . . Total Orders . | . . . Ally Attacks . | . . . Total Damage . | . . . Kills . | . . . Allies Corrupted . | . . . Allies Melted . | . . . Intel | -11 -10 -10 ------- Run | Yrd Mat Sub Active Infowar (turns) 1935 | 165 1559 211 Seismic 1935 | 165 1559 211 Robot Analysis Total . | . . . Derelict Logs Recovered . | . . . Drone Launches . | . . . Drone Recoveries . | . . . Exploration | -11 -10 -10 ------------- Run | Yrd Mat Sub Turns Passed 2438 | 383 1751 304 Spaces Moved 1938 | 268 1303 367 Core 52 | 52 . . Treads . | . . . Legs 1354 | 216 1138 . Wheels . | . . . Hover 532 | . 165 367 Flight . | . . . Fastest Speed 50 | 50 56 56 Average Speed 100 | 106 111 56 Slowest Speed 120 | 120 120 60 Overloaded Moves . | . . . Propulsion Burnouts . | . . . Robots Hopped . | . . . Potential Cave-ins . | . . . Cave-ins Triggered . | . . . Exploration Rate (%) 29 | 9 67 11 Regions Visited 2 Branch Regions 1 Pre-discovered Areas . | . . . Known Exits Taken . | . . . Unknown Exits Taken 2 | 1 1 . Scrap Searched . | . . . Spaces Dug 1 | 1 . . Terrain Destroyed 41 | 2 39 . Melee . | . . . Projectile 2 | 2 . . AOE 39 | . 39 . Terrain Rammed . | . . . Walls Destroyed . | . . . Machines Disabled . | . . . Actions | -11 -10 -10 --------- Run | Yrd Mat Sub Total 2288 | 322 1521 445 Wait 164 | . 110 54 Move 1936 | 267 1302 367 Hop . | . . . Pick Up 39 | 15 22 2 Fast Attach . | . . . Attach 17 | 7 6 4 Detach 4 | . 1 3 Swap 18 | 3 14 1 Drop 23 | 4 14 5 Fire 83 | 26 48 9 Melee . | . . . Ram . | . . . Kick 4 | . 4 . Crush . | . . . Escape Stasis . | . . . Rewire . | . . . Trap . | . . . Miscellaneous . | . . . Route ------- -11/Scrapyard -10/Materials (discovered 3 exits: [*Mat] / [*Min] / [*Sub]) -10/Subcaves (discovered 1 exit: [*Rec]) History --------- Turn | Location | Event 2 | -11/Scrapyard | Met Revision 17 155 | -11/Scrapyard | Discovered new exit (range 8) 384 | -11/Scrapyard | Entered Materials 385 | -10/Materials | Build established: Mutant 812 | -10/Materials | Lost 3 parts (1p1u1w) 1200 | -10/Materials | Discovered new exit (range 14) 1311 | -10/Materials | Discovered new exit (range 8) 1808 | -10/Materials | Discovered new exit (range 13) 1881 | -10/Materials | Repaired Seismic Detector? 2135 | -10/Materials | Entered Subcaves 2136 | -10/Subcaves | Approached by a straggling Scientist 2258 | -10/Subcaves | Discovered new exit (range 15) 2279 | -10/Subcaves | Ambushed by swarm of Subdwellers 2369 | -10/Subcaves | Lost 5 allies 2390 | -10/Subcaves | Core integrity fell below 50% 2434 | -10/Subcaves | Core integrity fell below 20% 2439 | -10/Subcaves | Destroyed by GC-A8O(R) with Subdweller Beam Cannon Last Messages --------------- grouchy Sub to deal with. Who's the new fellow?" Flight Unit fries itself beyond repair. SK-453(h) suffers critical hit (Destroy). Lgt. Ion Engine fries itself beyond repair. UO-1GD(R) suffers critical hit (Burn). Particle Gun destroyed. IR-8H3(R) suffers critical hit (Burn). HV Slug penetrates UO-1GD(R). UO-1GD(R) suffers critical hit (Destroy). UO-1GD(R) destroyed. IR-8H3(R) affixes Scrap Shield Fragment to Scrap Shield. SK-453(h) suffers critical hit (Destroy). Sml. Battery destroyed. Assault Rifle destroyed. Hover Unit destroyed. Lgt. Ion Engine destroyed. Hover Unit destroyed. [Achievement: First Step to Greatness] Map ----- +----------------------------------------------------+ | ???????????????????????????### ## ### #????? | | ?????????????????????????### #?# ##???? | | ?????????????????????????# ### ##### | | ?????????????????????????# ### ""# | | ?????????????????????????## ##?##"# ### | | ??????????????????????????## ######???### ##?? | | ???????????????????????????###????????# ##??? | | ??????????????????????????????????????# ##??? | | ?????????????????????????????????????## #### | | ????????????????????????????????????## # | | ??????????????????????????????????### | | ??????????????????????????????????# #" ## | | ??????????????????????????????????# # # ## | | ??????????????????????????????????#|#"&# =!## | | ????????????????????????????????? "##%[! # | | ????????????????????????????????######&& # | | ????????????????????????????????????##* ! | | ????????????????????????????????????# ### | | ????????????????????????????????????# ####?? | | ????????????????????????????????????# ##????? | | ???????????????????########????????## ##????? | | ???????????????????#""" "#####??### ####?? | | ???????????????????#" ## #### ### | | ???????????????????# # %%#;; ### | | ??????????????????## % ##?# ### | | ??????????????????#< % @ #### #?## | | ??????????????????#; % %% ;## #??# # | | ??????????????????##% # R;## #?###### | | ???????????????????#" ;;;### !!### #?????? | | ???????????????????#" " "####?##=%=*#### #????? | | ?????????????????##########?######=%!!#??# ##????? | | ???????# #?????## ##??????## ##%%*##???##?????? | | ?????? ## ####### =%##???????????? | | ?????? %[%#????????????? | | ????????# %!#????????????? | | ?????????""" &=& " ?????? | | ?????????# " !&= #?????? | | ?????????# " ## ######### #"## ####?????? | | ?????????#????#########???????#####??####????????? | | ?????????????????????????????????????????????????? | | ?????????????????????????????????????????????????? | | ?????????????????????????????????????????????????? | | ?????????????????????????????????????????????????? | | ?????????????????????????????????????????????????? | | ?????????????????????????????????????????????????? | | ?????????????????????????????????????????????????? | | ?????????????????????????????????????????????????? | | ?????????????????????????????????????????????????? | | ?????????????????????????????????????????????????? | | ?????????????????????????????????????????????????? | +----------------------------------------------------+ Best States ------------- Heat Dissipation 35 Energy Generation 10 Energy Capacity 225 Matter Stores 300 Matter Capacity 300 Sight Range 16 Terrain Scan Density 10 Armor Coverage 150 Evasion (%) 55 Targeting Accuracy 5 Item Schematics ----------------- None Robot Schematics ------------------ None Fabricated ------------ Nothing Repaired ---------- Seismic Detector | 25% | -10/Materials Alien Tech Used ----------------- None Achievements -------------- First Step to Greatness One Hack Too Far Part-time Mechanic Storm Trooper Challenges ------------ None Game ------ Seed GreatFrostShotgun Manual? 0 Play Time 01:21:54 Cumulative 1.3 hours Start 2025.08.14 @ 20:27:03 End 2025.08.16 @ 13:04:44 Sessions 5 Manual Loads 0 Difficulty Rogue Special Mode None Game No. 1 Rogue 1 Adventurer 0 Explorer 0 Win Type - Total 0 Types 0/0/0/0/0/0/0/0/0/0 Lore% 0 Gallery% 1 Achievement% 1 Wizard Run 0 Options --------- Layout 1 ASCII 0 Keyboard 0 Movement Arrows Keybinds 0 Fullscreen 1 Font 48/Tamsyn Map View 50x35 Zoom Use 0% Tactical HUD 0 Map Filters NONE Filters NONE Steam 1 RUN: b73defe7-9fe7-46f3-b945-3594d458229b